Map: 霓虹广场 - 天梯版

Players

JinairRogue (Rogue)

  • Race: Zerg Zerg
  • Spawn Location: 11:00

Neeb - Winner!

  • Race: Protoss Protoss
  • Spawn Location: 5:00

Event: 2018 Hangzhou StarCraft Carnival

VOD

Have the link to the VOD?

Description

Time

  • Played on: April 30, 2018, 1:53 a.m.
  • Length: 21:16

All games in this series

Show
View Real Time Build Order
Export as new Build Order

JinairRogue Zerg 

Build Orders: Hatch First 

Get SALT Encoding   

  12  0:00  Drone  
  13  0:12  Overlord  
  13  0:18  Drone  
  14  0:31  Drone x2  
  16  0:50  Hatchery  
  16  0:53  Drone  
  16  0:57  Drone  
  16  1:00  Drone  
  18  1:11  Extractor  
  18  1:16  Spawning Pool  
  16  1:19  Drone  
  16  1:22  Drone  
  18  1:29  Drone  
  19  1:39  Drone  
  20  1:49  Overlord  
  20  2:03  Zergling x4, Queen x2  
  26  2:13  Drone x2  
  28  2:15  Metabolic Boost  
  28  2:22  Drone  
  29  2:27  Drone  
  30  2:34  Zergling x2  
  31  2:40  Hatchery  
  30  2:46  Drone x2  
  32  2:51  Overlord  
  32  2:55  Zergling x2  
  32  2:57  Zergling x2  
  34  3:07  Drone x2  
  36  3:17  Drone x3  
  36  3:18  Drone x3  
  42  3:23  Overlord  
  42  3:25  Drone  
  43  3:30  Drone  
  43  3:37  Overlord  
  43  3:42  Spore Crawler  
  43  3:44  Queen  
  43  3:47  Drone  
  45  3:50  Drone x4  
  45  3:51  Queen  
  45  3:54  Overlord  
  51  3:58  Drone x2  
  51  4:01  Evolution Chamber  
  52  4:06  Drone  
  52  4:07  Drone  
  52  4:09  Drone  
  55  4:13  Drone  
  55  4:17  Zergling x10  
  60  4:25  Baneling Nest  
  60  4:27  Zergling x8  
  60  4:28  Zergling x2  
  60  4:29  Queen  
  65  4:33  Zerg Melee Weapons Level 1  
  65  4:39  Drone x3  
  65  4:41  Overlord  
  68  4:48  Drone x2  
  68  4:50  Overlord  
  70  4:53  Drone x3  
  70  4:54  Overlord  
  73  5:00  Drone x4  
  73  5:01  Drone  
  73  5:02  Overlord  
  73  5:05  Drone x2  
  80  5:12  Spore Crawler, Queen  
  81  5:16  Spore Crawler, Queen  
  81  5:21  Drone x3  
  85  5:31  Drone x4  
  85  5:32  Drone  
  90  5:37  Hatchery  
  90  5:39  Zergling x8  
  90  5:40  Zergling x6  
  90  5:41  Lair  
  96  5:44  Spore Crawler  
  96  5:45  Extractor  
  96  5:47  Overlord, Extractor x2  
  96  5:49  Drone x2  
  94  5:52  Queen  
  94  5:56  Queen  
  98  6:04  Drone x7  
  98  6:06  Drone  
  98  6:09  Extractor x2  
  98  6:11  Spore Crawler, Drone  
  101  6:14  Spore Crawler  
  101  6:15  Drone x4  
  101  6:16  Spore Crawler  
  101  6:18  Drone  
  106  6:26  Overlord  
  106  6:29  Spore Crawler, Overlord  
  106  6:30  Overlord  
  106  6:32  Overlord  
  105  6:37  Overlord  
  101  6:41  Zerg Melee Weapons Level 2, Spire  
  101  6:42  Overlord  
  101  6:45  Drone  
  99  6:48  Drone x2  
  99  6:49  Drone  
  99  6:50  Drone x5  
  105  6:56  Drone  
  105  6:58  Drone  
  105  7:00  Overlord  
  107  7:07  Drone x2  
  101  7:10  Overlord  
  101  7:13  Drone x3  
  104  7:20  Drone x5  
  108  7:25  Hatchery, Extractor  
  108  7:26  Overlord, Extractor  
  105  7:30  Queen  
  105  7:36  Zergling x10  
  112  7:37  Baneling x9  
  112  7:44  Spore Crawler  
  110  7:45  Drone  
  110  7:48  Zergling x4  
  110  7:49  Zergling x12  
  110  7:51  Centrifical Hooks  
  118  7:58  Zergling x10  
  121  8:05  Corruptor  
  121  8:06  Corruptor x4  
  121  8:12  Corruptor x2  
  123  8:16  Corruptor  
  127  8:24  Drone  
  127  8:25  Drone x3, Hydralisk Den  
  127  8:26  Drone x2  
  132  8:46  Hatchery  
  131  8:52  Drone  
  132  8:57  Zerg Missile Weapons Level 1  
  132  9:00  Grooved Spines, Hydralisk  
  132  9:01  Hydralisk x8  
  149  9:07  Hydralisk x3  
  155  9:11  Drone x2  
  155  9:12  Drone x3  
  155  9:13  Drone  
  155  9:16  Drone  
  162  9:23  Drone  
  162  9:24  Drone x8  
  168  9:28  Overlord  
  165  9:38  Hydralisk x4  
  165  9:39  Hydralisk  
  171  9:56  Hydralisk x5  
  171  9:58  Hatchery  
  180  10:06  Overlord  
  180  10:10  Zergling x22  
  180  10:11  Zergling x8  
  180  10:12  Muscular Augments  
  195  10:18  Baneling x12  
  195  10:19  Baneling x8  
  195  10:20  Baneling x2  
  195  10:24  Overlord  
  195  10:35  Overseer  
  195  10:38  Zergling x2  
  195  10:39  Zergling x10  
  195  10:41  Baneling x3  
  195  10:42  Baneling x15  
  199  10:55  Infestation Pit  
  198  10:57  Baneling x9  
  198  10:58  Baneling x4  
  198  11:02  Baneling  
  183  11:22  Zergling x12  
  183  11:23  Zergling x16  
  184  11:27  Zergling x6  
  184  11:28  Zergling x24  
  184  11:30  Zergling x18  
  195  11:35  Zergling x20  
  195  11:39  Hive  
  199  11:47  Zergling x2  
  199  11:51  Hatchery, Baneling x7  
  199  11:52  Baneling x19  
  199  11:53  Zergling x2  
  200  11:56  Baneling x17  
  200  11:58  Pneumatized Carapace  
  200  12:12  Zergling x2  
  200  12:13  Zergling x10  
  191  12:15  Zergling x2  
  191  12:16  Zergling x6  
  191  12:17  Zergling x14  
  191  12:18  Zergling x6  
  191  12:22  Corruptor  
  183  12:24  Corruptor  
  183  12:25  Corruptor x4  
  183  12:26  Zergling x2  
  176  12:30  Zergling x10  
  176  12:31  Baneling x4  
  181  12:43  Zergling x2  
  181  12:44  Zergling x26  
  190  12:47  Zergling x8  
  190  12:48  Zergling x2, Baneling x4  
  190  12:49  Baneling x8  
  200  12:53  Baneling x7  
  200  12:54  Overseer, Baneling x4  
  200  12:55  Overseer  
  200  12:56  Overseer  
  200  12:58  Baneling  
  200  12:59  Baneling x5  
  200  13:04  Zergling x4  
  196  13:09  Corruptor x4  
  191  13:13  Zergling x2  
  191  13:15  Zergling x2  
  181  13:20  Zergling x8  
  154  13:32  Corruptor x6  
  160  13:37  Drone x4  
  160  13:39  Drone x3  
  165  13:41  Extractor  
  165  13:43  Zergling x18  
  165  13:44  Zergling x6  
  176  13:52  Hydralisk x6  
  188  14:01  Baneling x15  
  188  14:02  Zergling x10  
  193  14:12  Zergling x8  
  197  14:18  Zergling x6  
  197  14:19  Baneling  
  197  14:20  Baneling x7  
  197  14:22  Hatchery  
  197  14:23  Baneling x4  
  197  14:24  Baneling x5  
  199  14:28  Zergling x2  
  158  14:38  Zergling x4  
  158  14:39  Zergling x20  
  158  14:43  Corruptor  
  158  14:44  Corruptor x4  
  171  14:45  Zergling x2  
  171  14:46  Zergling x22  
  171  14:47  Zergling x2  
  171  14:51  Overlord  
  183  14:55  Zergling x14  
  183  14:58  Zergling x2  
  191  15:02  Overlord  
  191  15:04  Baneling x19  
  191  15:05  Baneling  
  191  15:10  Overlord  
  191  15:12  Baneling x7  
  191  15:22  Zergling x16  
  191  15:25  Baneling  
  191  15:26  Baneling x13, Overlord  
  199  15:35  Zergling x2  
  162  15:43  Zergling x4  
  162  15:44  Zergling x8  
  156  15:53  Zergling x12  
  156  15:54  Zergling x18  
  152  15:57  Zergling x14  
  152  15:58  Zergling x30  
  152  16:00  Overseer  
  173  16:07  Zergling x10  
  173  16:08  Zergling x8  
  173  16:09  Zerg Melee Weapons Level 3  
  173  16:10  Zerg Flyer Weapons Level 1  
  182  16:12  Zergling x6  
  182  16:13  Baneling  
  182  16:14  Baneling x8  
  182  16:17  Overseer  
  182  16:18  Hydralisk x3  
  187  16:20  Zergling x4  
  187  16:21  Baneling x4  
  187  16:24  Baneling x8  
  187  16:25  Baneling x3  
  193  16:26  Baneling x2  
  193  16:28  Baneling x5  
  193  16:29  Baneling x2  
  193  16:30  Zergling x4  
  193  16:32  Baneling x4  
  195  16:37  Zergling x2  
  195  16:39  Zergling x2  
  192  16:40  Zergling x2  
  162  16:47  Zergling x14  
  162  16:48  Zergling x18  
  162  16:53  Hydralisk x2  
  162  16:54  Hydralisk x3  
  167  17:12  Extractor  
  167  17:13  Baneling x6  
  167  17:14  Baneling x2  
  166  17:18  Evolution Chamber  
  166  17:20  Drone  
  166  17:21  Drone x8  
  174  17:27  Pathogen Glands  
  174  17:35  Spore Crawler x3  
  174  17:36  Spore Crawler  
  163  17:37  Spore Crawler x4  
  163  17:38  Spore Crawler x2  
  163  17:40  Spore Crawler  
  163  17:41  Corruptor  
  163  17:42  Corruptor x7  
  158  17:55  Overseer  
  151  17:59  Drone  
  151  18:00  Drone x7  
  151  18:01  Drone x3  
  162  18:06  Infestor x4  
  162  18:07  Infestor  
  172  18:14  Zerg Ground Armor Level 1  
  172  18:17  Spore Crawler  
  172  18:18  Spore Crawler  
  172  18:19  Spore Crawler x2  
  168  18:20  Extractor  
  168  18:21  Zergling x14  
  168  18:22  Extractor  
  168  18:23  Zergling x2  
  168  18:24  Zergling x2  
  168  18:26  Spore Crawler  
  173  18:27  Zergling x6  
  173  18:31  Greater Spire  
  173  18:32  Spire  
  171  18:36  Corruptor  
  171  18:37  Corruptor  
  171  18:38  Zergling x4  
  171  18:39  Zergling x12  
  181  18:53  Overlord x2  
  181  18:54  Spore Crawler  
  181  18:55  Spore Crawler  
  176  18:57  Spine Crawler x2  
  176  18:59  Spine Crawler  
  176  19:01  Zergling x22  
  176  19:02  Zergling x8  
  177  19:03  Zergling x2  
  177  19:06  Zergling x4  
  169  19:12  Zergling x10  
  164  19:19  Zergling x2  
  164  19:20  Zergling x22  
  141  19:32  Hydralisk x7  
  141  19:34  Hydralisk  
  148  19:38  Hydralisk  
  148  19:39  Hydralisk  
  151  19:50  Zergling x8  
  151  19:51  Zergling x2  
  151  19:52  Zergling x2  
  155  19:53  Zergling x6  
  155  19:54  Zergling x12  
  155  19:55  Baneling x4  
  155  19:56  Baneling  
  155  19:57  Zergling x2  
  165  20:05  Baneling x16  
  165  20:06  Baneling  
  160  20:08  Zergling x2  
  160  20:09  Zergling x4  
  160  20:14  Zergling x10  
  160  20:17  Zergling x6  
  158  20:28  Hydralisk x2  
  158  20:29  Hydralisk x4  
  158  20:33  Baneling x2  
  158  20:34  Zergling x2  
  151  20:48  Zergling x12  
  151  20:49  Zergling x4  
  126  20:55  Zergling x2  
  126  20:56  Zergling x14  
  130  20:57  Zergling x2  
Show
View Real Time Build Order
Export as new Build Order

Neeb Protoss - Winner!

Build Orders: 1 Gate Expand, Archon Immortal, Carriers, Mass Phoenix 

Get SALT Encoding   

  12  0:00  Probe  
  13  0:12  Probe  
  14  0:17  Pylon  
  14  0:24  Probe  
  15  0:36  Probe  
  15  0:39  Assimilator  
  16  0:44  Probe  
  16  0:46  Gateway  
  17  0:52  Probe  
  18  1:03  Probe  
  19  1:15  Probe  
  20  1:25  Nexus  
  20  1:35  Cybernetics Core  
  20  1:38  Probe  
  21  1:44  Assimilator  
  21  1:50  Probe  
  21  1:54  Pylon  
  22  2:02  Stalker, Warp Gate, Probe  
  23  2:11  Probe  
  26  2:19  Probe  
  26  2:25  Adept  
  26  2:29  Probe  
  30  2:38  Probe  
  30  2:41  Probe  
  32  2:49  Adept  
  32  2:50  Probe  
  33  2:53  Probe  
  36  3:02  Probe  
  36  3:03  Gateway  
  36  3:05  Probe  
  38  3:06  Gateway  
  38  3:14  Probe  
  38  3:17  Probe  
  40  3:20  Pylon  
  40  3:26  Probe  
  41  3:29  Probe  
  41  3:37  Adept  
  41  3:38  Probe  
  44  3:41  Probe  
  44  3:43  Assimilator  
  44  3:46  Pylon  
  44  3:47  Assimilator  
  45  3:50  Probe  
  45  3:54  Probe  
  47  4:02  Probe  
  48  4:04  Stargate  
  48  4:06  Probe  
  48  4:07  Stargate  
  49  4:10  Adept x2  
  49  4:12  Adept  
  49  4:14  Probe  
  56  4:21  Probe  
  56  4:22  Pylon  
  57  4:25  Protoss Air Weapons Level 1  
  57  4:26  Probe  
  58  4:33  Probe  
  58  4:34  Pylon  
  59  4:38  Probe  
  59  4:44  Phoenix x2  
  59  4:45  Probe  
  65  4:59  Nexus  
  65  5:01  Probe x2  
  65  5:06  Pylon  
  65  5:07  Phoenix  
  67  5:14  Phoenix  
  69  5:18  Probe  
  69  5:20  Probe  
  73  5:23  Pylon  
  73  5:27  Phoenix  
  73  5:30  Probe, Phoenix  
  73  5:32  Probe  
  77  5:42  Assimilator, Probe  
  80  5:44  Assimilator, Probe  
  80  5:48  Phoenix  
  81  5:50  Pylon  
  81  5:55  Phoenix  
  85  5:58  Probe  
  85  5:59  Probe  
  87  6:10  Probe  
  84  6:13  Probe, Phoenix  
  84  6:14  Probe  
  88  6:20  Phoenix  
  88  6:22  Robotics Facility  
  88  6:24  Sentry x3  
  96  6:31  Probe  
  97  6:37  Probe  
  98  6:40  Probe  
  99  6:49  Probe x2  
  93  7:01  Probe  
  94  7:03  Immortal  
  94  7:07  Probe  
  91  7:11  Forge  
  91  7:13  Zealot x3, Twilight Council  
  101  7:27  Nexus  
  101  7:29  Pylon, Probe x2  
  103  7:33  Immortal  
  103  7:34  Pylon  
  103  7:35  Probe  
  103  7:36  Protoss Ground Weapons Level 1  
  104  7:41  Charge, Probe x2  
  110  7:47  Probe  
  111  7:53  Probe  
  111  7:54  Templar Archives, Probe  
  111  7:57  Gateway  
  113  7:58  Gateway  
  113  7:59  Probe  
  113  8:00  Zealot  
  113  8:01  Gateway  
  113  8:04  Zealot  
  118  8:05  Zealot  
  118  8:06  Probe x2  
  118  8:14  Immortal  
  116  8:21  Psionic Storm  
  116  8:23  Nexus  
  116  8:24  Zealot x2  
  116  8:25  Assimilator  
  116  8:26  Zealot  
  126  8:35  Gateway  
  126  8:38  Gateway  
  126  8:39  Pylon  
  126  8:43  Assimilator  
  126  8:52  Shield Battery  
  126  8:54  High Templar x2  
  126  8:55  High Templar, Shield Battery  
  132  8:59  Pylon x2  
  132  9:01  High Templar x2, Shield Battery  
  132  9:02  High Templar  
  138  9:12  Blink  
  138  9:13  Shield Battery  
  138  9:14  Pylon  
  142  9:17  Immortal  
  142  9:24  Protoss Ground Weapons Level 2  
  142  9:28  Stalker x3  
  142  9:43  High Templar x5  
  150  9:47  Archon x2  
  150  9:51  High Templar  
  152  9:54  Photon Cannon  
  152  9:56  Archon  
  152  9:57  Photon Cannon  
  152  9:59  Fleet Beacon  
  152  10:03  Immortal  
  152  10:05  Stargate  
  156  10:12  Pylon  
  156  10:15  Pylon  
  156  10:17  Pylon  
  156  10:26  Nexus  
  156  10:27  Carrier x2  
  156  10:31  Carrier  
  154  10:48  Immortal  
  172  10:50  Graviton Catapult  
  172  10:53  Assimilator  
  172  10:57  Assimilator  
  172  10:58  Pylon  
  176  11:07  High Templar x2  
  180  11:12  Shield Battery x2  
  180  11:14  Archon  
  180  11:16  Zealot x4  
  180  11:17  Zealot, Probe  
  173  11:29  Probe x2  
  166  11:33  Zealot  
  164  11:48  Photon Cannon, Carrier x2  
  164  11:49  Photon Cannon  
  164  11:53  High Templar  
  164  11:54  High Templar x3  
  182  11:58  Archon x2  
  184  12:01  Photon Cannon  
  184  12:08  Cybernetics Core  
  184  12:10  Cybernetics Core  
  180  12:20  Probe x3  
  180  12:21  Probe  
  149  12:28  Probe  
  149  12:29  Probe x2  
  138  12:33  Probe  
  142  12:37  High Templar  
  142  12:38  High Templar  
  142  12:39  Nexus  
  146  12:45  Probe  
  146  12:46  High Templar x2  
  146  12:48  High Templar  
  146  12:50  Probe  
  153  12:54  Probe  
  155  12:58  High Templar  
  155  12:59  High Templar  
  155  13:02  Probe  
  155  13:03  Archon x2  
  159  13:05  Probe  
  159  13:06  Probe  
  159  13:08  Probe  
  159  13:16  Carrier  
  159  13:19  Archon  
  157  13:23  Zealot x2  
  137  13:27  Archon  
  137  13:30  Protoss Air Weapons Level 2  
  133  13:38  Probe x2  
  133  13:40  Probe  
  142  13:43  High Templar  
  142  13:45  High Templar  
  142  13:46  High Templar x2  
  142  13:48  High Templar  
  152  13:49  Probe  
  152  13:50  Probe  
  152  13:51  Probe  
  155  13:56  Probe  
  155  13:57  Probe  
  155  14:02  Probe x2  
  159  14:07  High Templar x2  
  159  14:08  High Templar  
  159  14:09  Probe  
  166  14:14  Probe  
  166  14:15  Probe x2  
  169  14:17  Probe  
  169  14:18  Assimilator  
  169  14:20  High Templar  
  169  14:21  High Templar  
  174  14:25  Archon  
  174  14:30  Archon  
  172  14:37  Probe x2  
  172  14:38  Probe  
  152  14:40  Probe  
  152  14:41  Probe  
  152  14:45  Probe x2  
  153  14:46  High Templar x3  
  153  14:47  High Templar x2  
  153  14:52  Probe x2, Archon  
  166  14:53  High Templar, Archon  
  166  14:56  Void Ray x2, Probe  
  166  14:59  Void Ray  
  182  15:22  Shield Battery  
  182  15:30  Void Ray x2  
  182  15:33  Void Ray  
  136  15:57  High Templar x4  
  136  15:58  Zealot x4  
  136  16:01  Archon x2  
  150  16:08  Probe  
  151  16:19  High Templar x2  
  151  16:20  High Templar  
  151  16:21  High Templar  
  151  16:24  Probe x2, Immortal, Carrier  
  151  16:25  Probe  
  162  16:33  Shield Battery  
  162  16:34  Shield Battery  
  162  16:37  Pylon  
  172  16:45  Zealot  
  172  16:46  Zealot x2  
  174  16:47  Carrier  
  174  16:48  Carrier  
  152  16:55  Probe  
  152  17:00  Observer  
  166  17:11  Zealot  
  168  17:19  Zealot x3  
  168  17:20  Zealot  
  176  17:24  Zealot x2  
  176  17:26  Carrier  
  180  17:34  Zealot x2  
  182  17:40  Protoss Air Weapons Level 3  
  170  18:02  Carrier  
  170  18:04  Carrier  
  170  18:12  High Templar  
  170  18:13  High Templar, Zealot x5  
  170  18:17  Archon  
  194  18:34  Protoss Air Armor Level 1, Zealot x3  
  200  18:46  Pylon  
  200  18:49  Pylon  
  200  18:59  Zealot  
  159  19:35  Zealot x8  
  169  19:44  Nexus  
  168  19:57  High Templar x8  
  184  20:05  Archon x3  
  178  20:15  Observer  
  178  20:17  Nexus  
  163  20:49  Archon x2  
  147  20:50  Archon  
  147  20:51  Zealot x8  
  169  21:05  Nexus  
Tags
 
Add a new tag
Caveats
  • Supply blocks, unpowered buildings, or Contaminate may cause inaccurate times.
  • Supply counts are checked every 10 seconds.